 Dungeon Crawl Stone Soup version 0.25-a0-287-g56a5b49892 (webtiles) character file.

Game seed: 18049659316130659948, levelgen mode: deterministic

65 Esekla the Conjurer (level 3, 9/19 HPs)
             Began as a Deep Elf Conjurer on Dec 12, 2019.
             Was a Follower of Dithmenos.
             Quit the game on level 2 of the Dungeon.
             The game lasted 00:09:04 (1012 turns).

Esekla the Conjurer (Deep Elf Conjurer)             Turns: 1012, Time: 00:09:05

Health: 9/19       AC:  3    Str:  5    XL:     3   Next: 92%
Magic:  8/10       EV: 13    Int: 20    God:    Dithmenos [*.....]
Gold:   113        SH:  0    Dex: 15    Spells: 6/9 levels left

rFire    . . .     SeeInvis .   j - +0 short sword
rCold    . . .     Gourm    .   (no shield)
rNeg     . . .     Faith    .   a - +0 robe
rPois    .         Spirit   .   (no helmet)
rElec    .         Reflect  .   (no cloak)
rCorr    .         Harm     .   (no gloves)
MR       .....                  e - +0 pair of boots
Stlth    +.........             (no amulet)
HPRegen  0.06/turn              f - ring of attention (curse)
MPRegen  0.12/turn              (no ring)

@: wreathed by umbra
A: no striking features
a: Renounce Religion


You were on level 2 of the Dungeon.
You worshipped Dithmenos.
Dithmenos was aware of your devotion.
You were not hungry.

You visited 1 branch of the dungeon, and saw 3 of its levels.

You collected 113 gold pieces.

Inventory:

Hand Weapons
 j - a +0 short sword (weapon)
Armour
 a - a +0 robe (worn)
 e - a +0 pair of boots (worn)
Jewellery
 f - a cursed ring of attention (left hand)
Scrolls
 b - a scroll of identify
 d - a scroll of amnesia {unknown}
 i - a scroll of magic mapping {unknown}
 k - a scroll of remove curse {unknown}
Potions
 g - a potion of heal wounds
 h - 2 potions of lignification {unknown}
Comestibles
 c - a ration


   Skills:
 + Level 0.1 Short Blades
 * Level 2.8 Dodging
 - Level 2.4 Stealth
 * Level 1.0 Unarmed Combat
 * Level 3.7 Spellcasting
 + Level 5.3 Conjurations


You had 6 spell levels left.
You knew the following spells:

 Your Spells              Type           Power        Failure   Level  Hunger
a - Magic Dart            Conj           ###.         1%          1    None
e - Searing Ray           Conj           ###...       2%          2    ##.....

Your spell library contained the following spells:

 Spells                   Type           Power        Failure   Level  Hunger
 Dazzling Flash           Conj/Hex       ##....       13%         3    ###....
 Fulminant Prism          Conj/Hex       ##........   41%         4    ####...
 Iskenderun's Mystic Bla  Conj/Tloc      ##......     41%         4    ####...


Dungeon Overview and Level Annotations

Branches:
Dungeon (3/15)

Altars:
Dithmenos


Message History

Aiming: Magic Dart (safe; 1% risk of failure)
Press: ? - help, Shift-Dir - straight line, f - jackal
Aim: a jackal The magic dart hits the jackal.
The jackal is severely wounded.
Casting: Magic Dart (safe; 1% risk of failure)
Confirm with . or Enter, or press ? or * to list all spells.
Aiming: Magic Dart (safe; 1% risk of failure)
Press: ? - help, Shift-Dir - straight line, f/p - jackal
Aim: a jackal (severely wounded)
The magic dart hits the jackal.
You kill the jackal!
Dithmenos accepts your kill.
Your Unarmed Combat skill increases to level 1!
(D) Dungeon
Where to? (? - help) Sorry, I don't know how to get there.
A kobold comes into view. It is wielding a +0 short sword.
The kobold shouts!
You hear a bark!
Are you sure you want to abandon this character and quit the game? (Confirm with "yes".)

###############
.....K.@.......
.....#..####...
.....##.####
..........>#
.....#.#.#.#
.... #.#...#
... #+##..# ..
#..# . #..#


You could see a kobold.

Vanquished Creatures
  An orc wizard (D:3)
  An adder (D:2)
  A dart slug (D:1)
  A leopard gecko (D:1)
  2 orcs (D:3)
  2 bats (D:1)
  2 giant cockroaches
  3 hobgoblins
  A jackal (D:2)
  4 kobolds
  A quokka (D:3)
  2 frilled lizards (D:3)
  2 goblins (D:3)
  4 rats
27 creatures vanquished.

Notes
Turn   | Place    | Note
-------+----------+-------------------------------------------
     0 | D:1      | Esekla the Deep Elf Conjurer began the quest for the Orb.
     0 | D:1      | Reached XP level 1. HP: 10/10 MP: 6/6
   133 | D:1      | Reached XP level 2. HP: 2/15 MP: 0/8
   137 | D:1      | Learned a level 2 spell: Searing Ray
   679 | D:3      | Reached skill level 5 in Conjurations
   679 | D:3      | Reached XP level 3. HP: 19/19 MP: 1/10
   863 | D:3      | Found a faded altar of an unknown god.
   921 | D:3      | Became a worshipper of Dithmenos the Shadowed
   921 | D:3      | Reached * piety under Dithmenos
  1006 | D:2      | Reached skill level 1 in Unarmed Combat
  1012 | D:2      | Quit the game

Levels and vault maps discovered:
D:1:      giann_horns, layout_basic
D:2:      layout_basic
D:3:      layout_rooms, chequers_ecumenical_altar_twisty

Skill      XL: |  1  2  3 |
---------------+----------+-----
Conjurations   | 5 |  5.3
Unarmed Combat | 1 |  1.0
Short Blades   | |  0.1
Dodging        | |  2.8
Stealth        | |  2.4
Spellcasting   | |  3.7

Action                   || total
-------------------------++-------
Melee: Dagger            ||    16
       Short sword       ||    21
 Cast: Magic Dart        ||    23
       Searing Ray       ||     7
  Use: Scroll            ||     2
 Stab: Sleeping          ||     1
Armor: Robe              ||     8
Dodge: Dodged            ||    32

Table legend:
 A = Non-vault XP
 B = Vault XP
 C = Vault XP percentage of total XP
 D = Non-vault monster count
 E = Vault monster count
 F = Vault count percentage of total count
                 A         B        C        D         E       F
            +---------+---------+-------+---------+---------+-------
      Total |      93 |       0 |   0.0 |      27 |       0 |   0.0
            +---------+---------+-------+---------+---------+-------
        D:1 |      17 |       0 |   0.0 |       8 |       0 |   0.0
        D:2 |      16 |       0 |   0.0 |       3 |       0 |   0.0
        D:3 |      60 |       0 |   0.0 |      16 |       0 |   0.0
            +---------+---------+-------+---------+---------+-------
